 Dungeon Crawl Stone Soup version 0.30-a0-571-gdf30a72648 (webtiles) character file.

Game seed: 4738924768474105876

912 Twinkles the Ruffian (level 7, 0/70 HPs)
             Began as a Troll Gladiator on Dec 30, 2022.
             Slain by a killer bee (7 damage)
             ... on level 6 of the Dungeon.
             The game lasted 00:14:01 (4502 turns).

Twinkles the Ruffian (Troll Gladiator)              Turns: 4502, Time: 00:14:01

Health: 0/70       AC:  8    Str: 25    XL:     7   Next: 82%
Magic:  6/6        EV: 12    Int:  4    God:
Gold:   274        SH:  0    Dex: 17    Spells: 6/6 levels left

rFire   . . .      SeeInvis .      - Unarmed
rCold   . . .      Faith    .    (no shield)
rNeg    . . .      Spirit   .    a - +0 robe
rPois   .          Reflect  .    b - +0 hat
rElec   .          Harm     .    (no cloak)
rCorr   .          Rampage  .    (gloves unavailable)
Will    .....                    (boots unavailable)
Stlth   ++                       B - amulet of the acrobat
HPRegen 1.11/turn                y - +6 ring of dexterity
MPRegen 0.10/turn                x - +4 ring of protection

@: no status effects
A: large, unfitting armour, claws 3, regeneration 1, shaggy fur 1, tough skin 1
a: no special abilities


You were on level 6 of the Dungeon.
You visited 1 branch of the dungeon, and saw 6 of its levels.
You also visited: Sewer.

You collected 274 gold pieces.

Inventory:

Hand Weapons
 A - the +1 dagger "Zuiball" {flame, rF+ rN+ SInv Stlth+}
   (You found it on level 5 of the Dungeon)

   It burns those it strikes, dealing additional fire damage.
   rF:        It protects you from fire.
   rN:        It protects you from negative energy.
   SInv:      It lets you see invisible.
   Stlth:     It makes you more stealthy.
 E - a +0 flail of protection
Missiles
 c - 4 throwing nets
 v - a large rock (quivered)
 C - 6 poisoned darts
Armour
 a - a +0 robe (worn)
 b - a +0 hat (worn)
 s - a +0 buckler
Jewellery
 j - a ring of wizardry
 r - an amulet of faith
 x - a +4 ring of protection (right claw)
 y - a +6 ring of dexterity (left claw)
 B - an amulet of the acrobat (around neck)
Wands
 d - a wand of digging (12)
 i - a wand of iceblast (4)
Scrolls
 h - a scroll of fear {unknown}
 k - a scroll of teleportation {unknown}
 l - a scroll of magic mapping {unknown}
 p - a scroll of enchant armour {unknown}
 t - a scroll of acquirement {unknown}
 u - a scroll of poison {unknown}
 w - a scroll of brand weapon {unknown}
 z - 2 scrolls of noise {unknown}
 D - a scroll of blinking
 F - a scroll of summoning {unknown}
 Z - 2 scrolls of identify
Potions
 m - a potion of experience {unknown}
 q - a potion of cancellation {unknown}
 G - a potion of flight {unknown}
 J - 3 potions of curing
 P - 10 potions of lignification
 T - 2 potions of berserk rage


   Skills:
 + Level 4.0 Fighting
 + Level 4.3 Throwing
 + Level 4.4 Dodging
 + Level 5.3 Unarmed Combat


You had 6 spell levels left.
You didn't know any spells.
Your spell library contained the following spells:

 Spells                   Type           Power      Damage    Failure   Level
 Summon Small Mammal      Summ           0%         N/A       50%         1
 Scorch                   Fire           0%         2d5       65%         2
 Call Canine Familiar     Summ           0%         N/A       86%         3
 Ozocubu's Armour         Ice            0%         N/A       86%         3
 Summon Guardian Golem    Hex/Summ       0%         N/A       86%         3
 Flame Wave               Conj/Fire      0%         2d4       99%         4
 Metabolic Englaciation   Hex/Ice        0%         N/A       100%        5
 Simulacrum               Ice/Necr       0%         N/A       100%        6
 Summon Cactus Giant      Summ           0%         N/A       100%        6


Dungeon Overview and Level Annotations

Branches:
Dungeon (6/15) Zot: 26914   Sewer (visited)
 Temple: D:4-7

Altars:
Ashenzari
Dithmenos
Elyvilon
Gozag
Makhleb
Okawaru
Qazlal
Uskayaw

Shops:
D:5 ?

Annotations:
D:5 2 transporters, FakeRyeBread's ghost, novice TrFi


Innate Abilities, Weirdness & Mutations

You are too large for most types of armour.
You have claws for hands.
Your natural rate of healing is unusually fast.
You are covered in fur. (AC +1)
You have tough skin. (AC +1)


Message History

The killer bee poisons you! The killer bee closely misses you.
You claw the killer bee!
The killer bee is almost dead.
You feel very sick. The killer bee closely misses you.
The killer bee misses you. The killer bee stings you!
The killer bee barely misses you.
You closely miss the killer bee.
The killer bee is almost dead.
You feel sick.
The killer bee stings you. x2; The killer bee misses you.
The killer bee closely misses you.
You closely miss the killer bee.
The killer bee is almost dead.
You feel sick. The killer bee stings you. x2
You claw the killer bee!
You kill the killer bee!
You feel sick. The killer bee stings you!
* * * LOW HITPOINT WARNING * * *
The killer bee completely misses you. The killer bee stings you.
* * * LOW HITPOINT WARNING * * *
Your Fighting skill increases to level 4!
You barely miss the killer bee.
You feel sick. The killer bee stings you!
* * * LOW HITPOINT WARNING * * *
You are lethally poisoned!
The killer bee poisons you! The killer bee barely misses you.
The killer bee closely misses you.
The killer bee stings you but does no damage.
You feel better. The killer bee closely misses you. The killer bee misses you.
The killer bee stings you but does no damage.
The killer bee stings you.
* * * LOW HITPOINT WARNING * * *
The iguana hisses menacingly.
Okay, then.
Unknown command.
You barely miss the killer bee. The killer bee barely misses you.
The killer bee closely misses you.
The killer bee stings you but does no damage.
The killer bee stings you!
* * * LOW HITPOINT WARNING * * *
You miss the killer bee. The killer bee stings you!
You die...

## ## #.. . . #######+##
#.# .# .#
.#.#.#.#..###.# .#..#
............##.# .....#
#.#.#.#.#....#.# #.....#
...............##yy.....
#.#.#.#.#.......@y#####.
................###...##
#.#.#.#.#....#.##l#._.#.
............##.#..# ..#
#.#.#.#.#..#####..# ##
....)†...+## ##.....
#.#.#<#.#.# ##.##....
#####...# ##.# .#..
##..# .. ...


You could see an iguana and 3 killer bees.

Vanquished Creatures
  An ogre (D:5)
  A centaur (D:6)
  2 bullfrogs (Sewer)
  A scorpion (D:6)
  A killer bee (D:6)
  3 hounds
  A jelly (D:4)
  2 iguanas (D:5)
  3 orc wizards (D:5)
  8 adders
  2 ufetubi (D:5)
  4 worms (D:2)
  3 dart slugs
  16 orcs
  13 ball pythons
  19 endoplasms
  17 giant cockroaches
  9 goblins
  9 hobgoblins
  4 jackals
  7 kobolds
  19 quokkas
  6 bats
  8 frilled lizards
  6 rats
165 creatures vanquished.

Notes
Turn   | Place    | Note
-------+----------+-------------------------------------------
     0 | D:1      | Twinkles the Troll Gladiator began the quest for the Orb.
     0 | D:1      | Reached XP level 1. HP: 19/19 MP: 0/0
   104 | D:1      | Reached XP level 2. HP: 28/28 MP: 1/1
   816 | D:1      | Reached XP level 3. HP: 35/35 MP: 2/2
  1155 | D:2      | Reached XP level 4. HP: 41/42 MP: 3/3
  1477 | D:2      | Found an opulent altar of Gozag.
  2915 | D:4      | Reached XP level 5. HP: 40/50 MP: 4/4
  3033 | D:4      | Found an iron altar of Okawaru.
  3303 | D:4      | Found a burning altar of Makhleb.
  3308 | D:4      | Found a white marble altar of Elyvilon.
  3311 | D:4      | Found a shadowy altar of Dithmenos.
  3313 | D:4      | Found a hide-covered altar of Uskayaw.
  3318 | D:4      | Found a stormy altar of Qazlal.
  3503 | D:5      | Entered Level 5 of the Dungeon
  3514 | D:5      | Noticed an ogre
  3522 | D:5      | Killed an ogre
  3523 | D:5      | Reached skill level 4 in Unarmed Combat
  3563 | D:5      | Reached XP level 6. HP: 59/59 MP: 5/5
  3686 | D:5      | Found a glowing drain.
  3707 | Sewer    | Entered a sewer
  3971 | Sewer    | Reached XP level 7. HP: 62/67 MP: 6/6
  3974 | Sewer    | Identified the +8 plate armour of Hysteria {Harm rC- rN+
                  | Slay+2}
  4030 | D:5      | Identified the +1 dagger "Zuiball" {flame, rF+ rN+ SInv
                  | Stlth+}
  4149 | D:5      | Found a transporter.
  4151 | D:5      | Noticed FakeRyeBread's ghost (novice TrFi)
  4160 | D:5      | Found a transporter.
  4365 | D:5      | Found Muaxuhoe's Magic Scroll Boutique.
  4423 | D:6      | Reached skill level 5 in Unarmed Combat
  4478 | D:6      | Found a broken altar of Ashenzari.
  4498 | D:6      | HP: 14/68 [killer bee (7)]
  4499 | D:6      | HP: 4/70 [killer bee (7)]
  4502 | D:6      | Slain by a killer bee

Illustrated notes

Levels and vault maps discovered:
D:1:      psy_arrival_spokes, layout_basic
D:2:      layout_basic, serial_curves, eino_curves_01, eino_curves_02,
          eino_curves_02, basic_altar, minmay_circle_x
D:3:      layout_loops_ring, kennysheep_generic_room_12
D:4:      layout_layer_cave, nicolae_overflow_hallway_of_the_gods
D:5:      layout_cave_pools, gammafunk_ghost_arena, serial_shops,
          nicolae_lakefront_shop, gup_sewer_entry_pipe
D:6:      layout_loops_corners, nicolae_ashenzari_skybound, st_stairs_10,
          uniq_blork_the_orc

Skill      XL: |  1  2  3  4  5  6  7 |
---------------+----------------------+-----
Throwing       | 2 3 4 |  4.3
Fighting       | 2 3 4 |  4.0
Dodging        | 3 4 |  4.4
Unarmed Combat | 4 5 |  5.3

Action                   |  1- 3 |  4- 6 |  7- 9 || total
-------------------------+-------+-------+-------++-------
Melee: Unarmed           |   100 |   220 |    73 ||   393
       Punch             |     2 |     2 |     1 ||     5
Throw: Large rock        |       |     1 |       ||     1
  Use: Scroll            |       |       |     4 ||     4
       Potion            |       |       |     1 ||     1
 Stab: Sleeping          |       |     2 |     1 ||     3
       Distracted        |       |     1 |       ||     1
Armor: Robe              |    48 |    65 |    42 ||   155
Dodge: Dodged            |    48 |    90 |    47 ||   185

Table legend: (Time is in decaauts)
 A = Elapsed time spent in this place.
 B = Non-inter-level travel time spent in this place.
 C = Inter-level travel time spent in this place.
 D = Time resting spent in this place.
 E = Time spent auto-exploring this place.
 F = Levels seen in this place.
 G = Mean time per level.
                   A        B        C        D        E       F      G
               +--------+--------+--------+--------+--------+-----+--------+
         Total |   4470 |   4186 |    284 |      0 |   3273 |   7 |  638.6 |
       Dungeon |   4188 |   3904 |    284 |      0 |   3190 |   6 |  698.0 |
         Sewer |    282 |    282 |      0 |      0 |     83 |   1 |  282.0 |
               +--------+--------+--------+--------+--------+-----+--------+

Top non-repeatable levels by time:
     D:4: 991 daAuts
     D:2: 952 daAuts
     D:1: 881 daAuts
     D:3: 662 daAuts
     D:5: 646 daAuts
   Sewer: 282 daAuts
     D:6: 53 daAuts
